 Dungeon Crawl Stone Soup version 0.15.2 (webtiles) character file.

100 Huymann the Sneak (level 4, -15/18 HPs)
             Began as a Felid Conjurer on Mar 14, 2015.
             Demolished by an ogre
             ... wielding a +0 giant club
              (33 damage)
             ... on Level 3 of the Dungeon.
             The game lasted 00:23:58 (4484 turns).

Huymann the Sneak (Felid Conjurer)                  Turns: 4484, Time: 00:23:58

HP -15/18        AC  1     Str  4      XL: 4   Next: 47%
MP  10/20        EV 19     Int 17      God:
Gold 80          SH  0     Dex 17      Spells:  2 memorised,  4 levels left
Lives: 0, deaths: 1

rFire  . . .     SeeInvis +       - Unarmed
rCold  . . .     Clarity  .     (armour unavailable)
rNeg   . . .     rCorr    .     (shield unavailable)
rPois  .         rRot     .     (helmet unavailable)
rElec  .         Spirit   .     (cloak unavailable)
SustAb .         Warding  .     (gloves unavailable)
rMut   .         Stasis   .     (boots unavailable)
Gourm  .                        (no amulet)
MR     .....                    (no ring)
                                k - ring of magical power

@: quick, not resistant to hostile enchantments, stealthy
A: paw claws, no armour, no weapons or thrown items, fangs 3, see invisible,
carnivore 3, speed 1, shaggy fur 1, slow metabolism 1, jump 1
a: Jump Attack


You were on level 3 of the Dungeon.
You were not hungry.

You visited 1 branch of the dungeon, and saw 3 of its levels.

You collected 80 gold pieces.

Inventory:

Comestibles
 a - a royal jelly
 b - 3 meat rations
 o - a beef jerky
 r - 2 rotting chunks of orc flesh
Scrolls
 f - 2 scrolls of remove curse
 h - 4 scrolls of teleportation
Jewellery
 k - a ring of magical power (left paw)
Potions
 d - a potion of curing {unknown}
 e - a potion of degeneration {unknown}
 g - a potion of heal wounds
 i - a potion of restore abilities {unknown}
 j - a potion of cancellation {unknown}
 l - a potion of resistance {unknown}
 m - a potion of flight {unknown}
 n - 2 potions of invisibility
 p - a potion of magic {unknown}
Books
 c - a book of Conjurations

   Spells                             Type                      Level
   *Magic Dart                        Conjuration                  1
   Searing Ray                        Conjuration                  2
   *Dazzling Spray                    Conjuration/Hexes            3
   Fulminant Prism                    Conjuration/Hexes            4
   Iskenderun's Mystic Blast          Conjuration                  4
   Iskenderun's Battlesphere          Conjuration/Charms           5


   Skills:
 * Level 0.8 Fighting
 * Level 4.0 Dodging
 * Level 4.6 Stealth
 * Level 1.2 Unarmed Combat
 * Level 2.5 Spellcasting
 * Level 4.3 Conjurations
 + Level 0.4 Hexes


You had 4 spell levels left.
You knew the following spells:

 Your Spells              Type           Power        Failure   Level  Hunger
a - Magic Dart            Conj           ###.         3%          1    #......
b - Dazzling Spray        Conj/Hex       ##......     21%         3    ###....


Dungeon Overview and Level Annotations

Branches:
Dungeon (3/15)

Altars:
The Shining One


Innate Abilities, Weirdness & Mutations

You cannot wear armour.
You are incapable of wielding weapons or throwing items.
Your paws have sharp claws.
You have razor-sharp teeth.
You have supernaturally acute eyesight.
You are carnivorous and can eat meat at any time.
You cover ground quickly.
You are covered in fur (AC +1).
You have a slow metabolism.
You can jump attack at a short distance.


Message History

The ogre is moderately wounded.
The ogre is no longer blind.
The ogre misses you.
Casting: Dazzling Spray
Confirm with . or Enter, or press ? or * to list all spells.
Aiming: Dazzling Spray
Press: ? - help, Shift-Dir - straight line, f/p - ogre
Aim: an ogre, wielding a giant club (moderately wounded, bleeding)
The spray of energy hits the ogre.
The ogre is heavily wounded.
The orc is no longer blind.
Casting: Dazzling Spray
Confirm with . or Enter, or press ? or * to list all spells.
Aiming: Dazzling Spray
Press: ? - help, Shift-Dir - straight line, f/p - ogre
Aim: an ogre, wielding a giant club (severely wounded, bleeding)
The spray of energy hits the ogre.
The ogre is severely wounded.
The ogre is dazzled.
The ogre hits you with a giant club!!
Ouch! That really hurt!
You die...

#...........##..%#
#.##....######.#.#
.. .....+ ...#<#
#.##....# ##.##.#
#....# . #..#.#
#....##.###.#o#
.K.+........#
##.###..O# o #.#
#..@# #.. #.#
#...# #.o. #.#
#...#
.....##.###.#<#
..[....h.....#.#
..#####.##)(#.#
#.##[.#.#
#.##..#..
#.##..#..


You could see an ogre (blind) and an orc.

Vanquished Creatures
  An orc wizard (D:3)
  4 gnolls (D:2)
  3 adders (D:2)
  A worm (D:2)
  2 oozes
  4 orcs (D:3)
  2 ball pythons
  A giant cockroach (D:2)
  8 goblins
  12 hobgoblins
  9 jackals
  9 bats
  3 giant newts
  6 kobolds
  A quokka (D:2)
  9 rats
75 creatures vanquished.

Notes
Turn   | Place    | Note
--------------------------------------------------------------
     0 | D:1      | Huymann, the Felid Conjurer, began the quest for the Orb.
     0 | D:1      | Reached XP level 1. HP: 7/7 MP: 4/4
   416 | D:1      | Reached XP level 2. HP: 10/12 MP: 2/5
  1013 | D:1      | Reached skill level 4 in Conjurations
  1531 | D:1      | Reached XP level 3. HP: 15/15 MP: 8/8
  2019 | D:2      | Learned a level 3 spell: Dazzling Spray
  2344 | D:2      | Reached XP level 4. HP: 16/18 MP: 11/11
  3947 | D:2      | Reached XP level 5. HP: 21/21 MP: 7/12
  4070 | D:3      | Reached skill level 1 in Unarmed Combat
  4245 | D:3      | HP: 1/21 [orc wizard/glowing dagger (2)]
  4259 | D:3      | Slain by an orc wizard
  4260 | D:3      | Reached XP level 4. HP: 0/18 MP: 5/20
  4285 | D:3      | Found a glowing golden altar of the Shining One.
  4350 | D:3      | Noticed an ogre
  4484 | D:3      | Demolished by an ogre

Action                   |  1- 3 |  4- 6 || total
-------------------------+-------+-------++-------
Melee: Unarmed           |    95 |    94 ||   189
 Cast: Magic Dart        |    54 |    39 ||    93
       Dazzling Spray    |     1 |    22 ||    23
  Use: Scroll            |       |     8 ||     8
       Potion            |       |     1 ||     1
 Stab: Sleeping          |     4 |     3 ||     7
       Invisible         |       |     8 ||     8
       Distracted        |       |     1 ||     1
  Eat: Chunk             |    11 |     7 ||    18
